 Dungeon Crawl Stone Soup version 0.17-a0-1646-geb1493d (webtiles) character file.

393 Nebulos the Skirmisher (level 6, -8/57 HPs)
             Began as a Minotaur Fighter on Aug 10, 2015.
             Was an Initiate of Okawaru.
             Killed by nerve-wracking pain
             ... invoked by Menkaure
              (11 damage)
             ... on level 5 of the Dungeon.
             The game lasted 00:16:34 (2447 turns).

Nebulos the Skirmisher (Minotaur Fighter)           Turns: 2447, Time: 00:16:35

Health: -8/57      AC: 15    Str: 22    XL:     6   Next: 51%
Magic:  5/5        EV:  6    Int: 11    God:    Okawaru [......]
Gold:   192        SH:  9    Dex:  9    Spells: 0 memorised, 5 levels left

rFire  . . .     SeeInvis .     A - +2 war axe (elec)
rCold  . . .     Clarity  .     w - +3 chain mail
rNeg   . . .     SustAt   .     c - +0 shield
rPois  +         Gourm    .     (helmet restricted)
rElec  .         Spirit   .     (no cloak)
rCorr  +         Warding  .     j - +0 pair of gloves
rMut   .         Stasis   .     s - +0 pair of boots
MR     .....                    p - amulet of resist corrosion
Stlth  ..........               (no ring)
                                n - ring of poison resistance

@: brilliant, not resistant to hostile enchantments, extremely unstealthy
A: retaliatory headbutt, horns 2
a: Renounce Religion


You were on level 5 of the Dungeon.
You worshipped Okawaru.
Okawaru was noncommittal.
You were not hungry.

You visited 2 branches of the dungeon, and saw 6 of its levels.

You collected 192 gold pieces.

Inventory:

Hand weapons
 a - a +0 war axe
 m - a +2 dagger of venom
 y - a cursed -2 dagger
 A - a +2 war axe of electrocution (weapon)
Missiles
 f - 13 bolts of frost
 t - 72 sling bullets
Armour
 c - a +0 shield (worn)
 j - a +0 pair of gloves (worn)
 s - a +0 pair of boots (worn)
 w - a +3 chain mail (worn)
Jewellery
 n - a ring of poison resistance (left hand)
 p - an amulet of resist corrosion (around neck)
 C - an uncursed ring of sustain attributes {unknown}
Scrolls
 b - 2 scrolls of identify {unknown}
 h - 2 scrolls of teleportation
 l - a scroll of immolation {unknown}
 x - 2 scrolls of remove curse {unknown}
 D - a scroll of magic mapping {unknown}
 E - a scroll of fear {unknown}
Potions
 d - a potion of might
 g - a potion of magic
 i - a potion of ambrosia {unknown}
 k - 2 potions of flight {unknown}
 o - a potion of curing
 q - a potion of poison
 r - a potion of brilliance
 u - a potion of haste {unknown}
 z - a potion of heal wounds {unknown}
Books
 v - a book of Transfigurations

   Spells                             Type                      Level
   a - Stoneskin                      Transmutation/Earth          2
   b - Irradiate                      Conjuration/Transmutation    5
   c - Statue Form                    Transmutation/Earth          6
   d - Hydra Form                     Transmutation                6
   e - Dragon Form                    Transmutation                7
Comestibles
 e - 2 bread rations
 B - 6 chunks of flesh
 F - a meat ration


   Skills:
 * Level 5.9 Fighting
 + Level 3.3 Axes
 + Level 5.6 Armour
 + Level 2.2 Dodging
 + Level 4.8 Shields


You had 5 spell levels left.
You didn't know any spells.

Dungeon Overview and Level Annotations

Branches:
Dungeon (5/15)             Temple (1/1) D:4

Altars:
Dithmenos
Elyvilon
Fedhas
Nemelex Xobeh
Okawaru
Qazlal
Ru
Vehumet
Xom

Annotations:
D:3 Grinder, Sigmund
D:5 Menkaure


Innate Abilities, Weirdness & Mutations

You reflexively headbutt those who attack you in melee.
You have a pair of horns on your head.


Message History

Menkaure giggles, "These cerements are ticklish..."
Menkaure gestures wildly while chanting.
Menkaure seems to speed up.
Menkaure calls on the powers of darkness!
Your body is wracked with pain!
Your chain mail prevents you from hitting Menkaure.
Menkaure hits you but does no damage. Menkaure hits you!
You slash Menkaure!
Menkaure is moderately damaged.
Menkaure barely misses you.
Drink which item? (? for menu, Esc to quit)
It was a potion of poison.
You feel slightly nauseous. Menkaure hits you!
* * * LOW HITPOINT WARNING * * *
Menkaure completely misses you.
Drink which item? (? for menu, Esc to quit)
It was a potion of brilliance.
You feel clever all of a sudden.
Menkaure gestures at you while chanting.
Pain shoots through your body!
You die...

#.#..#.....#.####.
#.#..#.#.......... ###
#.#..#.#.#..###### #...
#.#..#...#........
.#...##.#..#.......####.
...........#.#.#...#.<#.
.#.........#.#.###.#.##.
#.............. #.#.##.
#.....@...#.#.# #.#.##.
#.....M....... #.#.##.
#........#..#.# #.#.##.
#........#..#.# #.##.
#........#..# #....
#........# .. #####
######.#.# #.#.#


You could see Menkaure.

Vanquished Creatures
  A scorpion (D:4)
  2 orc wizards (D:4)
  A hound (D:4)
  4 worker ants (D:4)
  7 adders
  4 gnolls (D:4)
  A worm (D:3)
  4 giant geckos
  6 orcs
  6 bats
  3 giant cockroaches
  2 goblins
  7 hobgoblins
  9 giant newts
  5 kobolds
  6 rats
68 creatures vanquished.

Notes
Turn   | Place    | Note
--------------------------------------------------------------
     0 | D:1      | Nebulos the Minotaur Fighter began the quest for the Orb.
     0 | D:1      | Reached XP level 1. HP: 19/19 MP: 0/0
   448 | D:1      | Reached XP level 2. HP: 24/27 MP: 1/1
   575 | D:1      | Reached skill level 4 in Fighting
   983 | D:2      | Reached XP level 3. HP: 26/33 MP: 2/2
  1762 | D:3      | Reached XP level 4. HP: 41/41 MP: 3/3
  1810 | D:3      | Noticed Sigmund
  1819 | D:3      | Noticed Grinder
  1827 | D:3      | Paralysed by Grinder for 5 turns
  1832 | D:4      | Found a sparkling altar of Nemelex Xobeh.
  1863 | D:4      | Reached skill level 1 in Dodging
  1890 | D:4      | Reached skill level 5 in Fighting
  1894 | D:4      | Reached skill level 5 in Armour
  1894 | D:4      | Reached XP level 5. HP: 11/48 MP: 4/4
  1988 | D:4      | Found a staircase to the Ecumenical Temple.
  2123 | D:4      | Reached XP level 6. HP: 45/56 MP: 5/5
  2133 | Temple   | Entered the Ecumenical Temple
  2157 | Temple   | Became a worshipper of Warmaster Okawaru
  2367 | D:4      | Found a white marble altar of Elyvilon.
  2396 | D:5      | Entered Level 5 of the Dungeon
  2439 | D:5      | Noticed Menkaure
  2446 | D:5      | HP: 2/57 [Menkaure (16)]
  2447 | D:5      | Killed from afar by Menkaure

Vault maps used:
D:1:      dpeg_chamrin_arrival_tetris
D:3:      first_bread, ecumenical_altar_1, uniq_sigmund, uniq_grinder
D:4:      nicolae_overflow_crystal_walls, nemelex_xobeh_ov_fountains_minmay,
          minmay_temple_entry_glass, st_stairs_3
D:5:      grunt_temple_overflow_open, uniq_menkaure
Temple:   nicolae_temple_god_jail

Action                   |  1- 3 |  4- 6 || total
-------------------------+-------+-------++-------
Melee: War axe           |    91 |    82 ||   173
  Use: Scroll            |     1 |       ||     1
       Potion            |       |     4 ||     4
  Eat: Chunk             |     2 |     3 ||     5
